Map: [ESL] Solaris

Players

gumiho

  • Race: Terran Terran
  • Spawn Location: 7:00

Scarlett - Winner!

  • Race: Zerg Zerg
  • Spawn Location: 1:00

Event: IEM Katowice 2024

VOD

Have the link to the VOD?

Description

Time

  • Played on: Dec. 10, 2023, 7:45 p.m.
  • Length: 15:29

All games in this series

Show
View Real Time Build Order
Export as new Build Order

gumiho Terran 

Build Orders: 2 Factory, Command Center First, Mech 

Get SALT Encoding   

  12  0:00  SCV  
  13  0:12  SCV  
  14  0:17  Supply Depot  
  14  0:24  SCV  
  15  0:38  SCV  
  16  0:50  SCV  
  17  0:58  Command Center  
  17  1:02  SCV  
  18  1:12  Barracks  
  18  1:15  SCV  
  19  1:21  Refinery  
  19  1:27  SCV  
  19  1:29  Refinery  
  21  1:40  SCV  
  21  1:52  SCV  
  22  1:59  Reaper  
  23  2:04  Orbital Command  
  23  2:10  Orbital Command  
  23  2:17  Factory  
  23  2:29  SCV  
  24  2:32  Barracks Reactor  
  24  2:36  SCV  
  25  2:41  SCV  
  26  2:48  SCV  
  27  2:53  SCV  
  27  2:54  Factory  
  28  3:01  SCV  
  28  3:05  Starport  
  29  3:06  SCV  
  29  3:10  Supply Depot  
  30  3:13  SCV  
  30  3:15  Hellion  
  30  3:16  Hellion  
  30  3:18  SCV  
  36  3:25  SCV  
  37  3:28  Barracks Tech Lab  
  37  3:30  SCV  
  37  3:32  Command Center  
  38  3:41  SCV  
  38  3:42  Viking, SCV  
  46  3:57  Barracks Tech Lab  
  46  4:02  SCV  
  46  4:05  SCV  
  46  4:07  Supply Depot  
  46  4:09  Refinery  
  43  4:10  Refinery  
  43  4:11  Armory x2  
  43  4:14  SCV  
  43  4:15  Supply Depot  
  44  4:17  SCV  
  44  4:21  Hurricane Engines  
  45  4:26  SCV  
  45  4:29  SCV  
  47  4:33  Supply Depot  
  47  4:38  SCV  
  48  4:39  Hellion x3  
  48  4:41  SCV  
  48  4:44  Orbital Command, Supply Depot  
  55  4:50  SCV  
  55  4:51  Raven  
  58  4:53  SCV  
  58  4:56  Supply Depot  
  59  5:02  Terran Vehicle Weapons Level 1, Orbital Command, Terran Vehicle And Ship Armor Level 1, SCV  
  59  5:06  SCV  
  61  5:09  Supply Depot  
  61  5:10  Cyclone  
  63  5:14  SCV  
  63  5:16  Cyclone  
  63  5:18  SCV  
  63  5:20  Cyclone  
  69  5:23  Refinery  
  69  5:26  SCV  
  69  5:28  Banshee, Supply Depot  
  70  5:30  SCV x2  
  75  5:38  SCV  
  75  5:42  SCV x2  
  78  5:47  Factory x2  
  78  5:51  SCV  
  78  5:54  SCV  
  78  5:55  Factory  
  78  5:56  SCV  
  81  6:03  SCV  
  81  6:04  Command Center  
  82  6:06  SCV  
  82  6:09  SCV  
  84  6:14  Supply Depot  
  84  6:15  Cyclone x3, SCV  
  91  6:18  SCV  
  91  6:19  Engineering Bay  
  91  6:21  SCV  
  91  6:24  Refinery  
  93  6:27  SCV  
  93  6:30  SCV  
  93  6:31  Supply Depot  
  95  6:34  SCV  
  95  6:39  SCV  
  97  6:42  SCV  
  97  6:46  Factory Tech Lab x2, Factory Reactor  
  98  6:47  Siege Tank, SCV  
  98  6:50  Hellion x2  
  106  6:55  Missile Turret  
  106  6:56  SCV x2  
  106  6:57  Terran Vehicle Weapons Level 2, Terran Vehicle And Ship Armor Level 2  
  106  6:59  Infernal Pre-Igniter, SCV  
  109  7:12  Siege Tank x2  
  109  7:13  Hellion x2  
  109  7:14  SCV  
  109  7:15  SCV x2  
  125  7:22  Hellion  
  124  7:26  Factory  
  124  7:27  Factory  
  124  7:28  Factory  
  124  7:29  SCV x3  
  127  7:30  Command Center  
  127  7:36  Starport Reactor  
  127  7:38  Hellion  
  127  7:39  Hellion x3  
  135  7:44  Supply Depot  
  135  7:45  Siege Tank, Supply Depot  
  135  7:49  Hellion  
  135  7:51  Hellion x4  
  140  7:59  SCV x3  
  140  8:05  Siege Tank  
  143  8:06  Hellion x3  
  143  8:07  Hellion  
  143  8:10  Siege Tank  
  150  8:14  Planetary Fortress  
  150  8:16  Refinery  
  150  8:17  Refinery  
  150  8:24  Siege Tank  
  150  8:25  Siege Tank, Hellion x2  
  160  8:31  Sensor Tower, SCV x3  
  160  8:43  Thor  
  160  8:47  Thor  
  162  8:57  Hellion x2  
  162  8:58  Hellion x4  
  162  8:59  Thor  
  166  9:10  Cyclone  
  160  9:18  Cyclone x2  
  160  9:19  Cyclone x4  
  154  9:27  Hellion  
  154  9:28  Medivac  
  154  9:29  Medivac  
  154  9:30  Hellion  
  162  9:33  SCV  
  162  9:34  SCV  
  162  9:37  Orbital Command  
  165  9:42  Hellion  
  165  9:43  Hellion  
  160  9:48  Hellion  
  160  9:51  Hellion x4  
  160  9:52  Hellion x2  
  171  10:00  Cyclone  
  171  10:03  Siege Tank  
  170  10:07  Siege Tank  
  170  10:09  Siege Tank  
  170  10:12  Hellion x2  
  170  10:16  Cyclone  
  170  10:17  Cyclone, Hellion  
  170  10:20  Hellion  
  167  10:32  Planetary Fortress, Cyclone  
  167  10:33  Cyclone  
  171  10:39  Hellion x2, Cyclone  
  171  10:40  Hellion  
  171  10:41  Hellion  
  171  10:42  Hellion  
  183  10:45  Smart Servos  
  183  10:48  Hellion  
  185  10:52  Unknown  
  185  10:54  Sensor Tower  
  185  10:59  Cyclone  
  185  11:00  Cyclone x2  
  185  11:01  Cyclone  
  185  11:02  Cyclone  
  185  11:03  Cyclone  
  184  11:04  Cyclone  
  184  11:09  Orbital Command, Hellion, Cyclone  
  184  11:10  Hellion x3  
  186  11:22  Hellion  
  174  11:33  Hellion  
  174  11:35  Hellion  
  176  11:40  Thor x3  
  172  11:54  Hellion x2  
  141  11:55  Hellion x2  
  141  11:56  Viking x2, Hellion x3  
  152  12:15  Hellion x2  
  150  12:16  Cyclone  
  150  12:17  Hellion x2, Cyclone x2  
  148  12:23  Hellion x2  
  148  12:24  Hellion  
  148  12:26  Medivac x2  
  148  12:28  Orbital Command  
  151  12:36  Cyclone x2  
  153  12:38  Cyclone  
  153  12:39  Cyclone  
  143  12:45  Hellion x3  
  143  12:49  Hellion x3  
  143  12:58  Medivac x2  
  147  13:06  Hellion x3  
  147  13:07  SCV x3  
  147  13:09  Hellion x2  
  147  13:10  Thor, Hellion x3  
  147  13:11  Cyclone  
  168  13:23  Hellion x8  
  154  13:27  Cyclone x2  
  154  13:28  Hellion  
  154  13:30  Hellion, Cyclone  
  154  13:31  Cyclone x3  
  154  13:40  Medivac  
  154  13:41  Medivac  
  152  13:43  Hellion  
  152  13:49  Hellion  
  152  13:51  Hellion, Command Center  
  152  13:52  SCV  
  152  13:53  Hellion, SCV x2  
  161  14:00  Hellion x2  
  161  14:02  Hellion  
  163  14:04  Hellion x2, Cyclone x2  
  159  14:10  Cyclone  
  159  14:11  SCV x2  
  159  14:12  Cyclone  
  159  14:15  Hellion  
  167  14:19  Refinery  
  167  14:20  Refinery  
  167  14:21  Hellion x2  
  167  14:24  Hellion  
  171  14:25  Hellion x2  
  175  14:36  Siege Tank, Hellion  
  175  14:37  Hellion  
  182  14:42  Siege Tank x3  
  177  15:01  Hellion  
  177  15:02  Hellion x2  
Show
View Real Time Build Order
Export as new Build Order

Scarlett Zerg - Winner!

Build Orders: Hatch First 

Get SALT Encoding   

  12  0:00  Drone  
  13  0:12  Overlord  
  13  0:16  Drone  
  14  0:30  Drone x2  
  16  0:47  Hatchery  
  15  0:50  Drone  
  15  0:54  Drone  
  18  0:57  Drone  
  18  1:08  Extractor  
  17  1:12  Spawning Pool  
  17  1:15  Drone  
  17  1:18  Drone  
  18  1:27  Drone  
  19  1:38  Drone  
  20  1:49  Drone  
  21  1:58  Queen x2  
  21  1:59  Zergling x2  
  21  2:00  Zergling x2  
  27  2:10  Drone  
  27  2:12  Overlord  
  28  2:25  Hatchery  
  28  2:27  Drone  
  28  2:31  Drone  
  28  2:33  Drone x2  
  31  2:38  Queen  
  32  2:47  Overlord  
  32  2:49  Drone  
  33  2:54  Drone  
  33  2:55  Drone  
  34  3:09  Drone x5  
  39  3:15  Overlord  
  39  3:20  Queen x2  
  39  3:23  Roach Warren  
  42  3:28  Drone x2  
  44  3:35  Drone x2  
  46  3:41  Drone x4  
  46  3:46  Extractor  
  49  3:49  Drone x5  
  54  3:55  Queen  
  54  4:02  Lair  
  56  4:04  Roach  
  56  4:05  Overlord x2  
  56  4:08  Extractor  
  57  4:12  Overlord  
  57  4:13  Drone  
  58  4:17  Overlord  
  58  4:23  Overlord  
  58  4:24  Drone x5  
  58  4:28  Drone x2  
  58  4:31  Drone x2  
  67  4:36  Drone x2  
  67  4:37  Overlord  
  69  4:42  Roach x2  
  69  4:45  Drone x3  
  76  4:52  Roach x2  
  80  4:54  Drone  
  80  4:56  Spore Crawler  
  80  5:01  Drone x4  
  80  5:04  Glial Reconstitution  
  84  5:08  Zergling x2  
  84  5:09  Drone, Overlord  
  84  5:10  Drone x2  
  84  5:11  Queen  
  90  5:16  Queen  
  90  5:19  Drone x4  
  96  5:23  Drone x2  
  96  5:27  Extractor  
  96  5:28  Extractor, Roach x2  
  100  5:33  Drone  
  100  5:34  Extractor  
  100  5:39  Roach x3  
  106  5:47  Evolution Chamber  
  106  5:49  Hatchery  
  104  5:50  Evolution Chamber  
  104  5:52  Infestation Pit  
  104  5:54  Drone  
  104  5:57  Drone x2  
  104  5:59  Overlord x6  
  106  6:07  Unknown, Overlord x2  
  105  6:13  Drone  
  105  6:16  Zerg Missile Weapons Level 1  
  105  6:17  Overseer  
  106  6:19  Drone x7  
  113  6:29  Infestor x3  
  113  6:30  Roach x2  
  113  6:31  Ravager x5  
  128  6:35  Roach x4  
  136  6:41  Drone x4  
  139  6:50  Hatchery  
  139  6:54  Drone x5  
  143  6:55  Spore Crawler x2  
  143  6:57  Spore Crawler  
  143  6:58  Drone  
  141  7:12  Pneumatized Carapace  
  141  7:16  Overseer  
  141  7:17  Spore Crawler  
  141  7:18  Drone  
  141  7:19  Drone  
  141  7:20  Drone, Overlord x3  
  141  7:22  Hive  
  143  7:24  Drone  
  143  7:25  Roach x3, Spire  
  149  7:45  Drone  
  149  7:46  Overlord x2  
  149  7:51  Roach, Evolution Chamber, Ravager x6  
  155  7:52  Roach x9  
  155  7:55  Metabolic Boost  
  155  7:56  Extractor  
  155  7:57  Ravager x2  
  155  7:58  Extractor, Ravager  
  173  8:11  Drone x4  
  173  8:12  Drone x2  
  179  8:13  Zerg Missile Weapons Level 2  
  179  8:25  Zerg Melee Weapons Level 1  
  179  8:28  Zergling x6  
  179  8:31  Drone, Hatchery  
  179  8:32  Drone x9  
  188  8:42  Drone x3  
  186  8:48  Greater Spire  
  186  8:55  Roach x10  
  197  8:58  Ravager x8  
  199  9:04  Ravager  
  185  9:17  Zergling x24  
  185  9:18  Zergling x6  
  185  9:20  Adrenal Glands  
  180  9:25  Zergling x18  
  189  9:35  Ravager x9  
  192  9:41  Drone x6  
  178  10:11  Zergling x4, Roach x12  
  186  10:20  Roach x7  
  182  10:23  Overseer  
  182  10:27  Zerg Melee Weapons Level 2  
  182  10:28  Zerg Flyer Weapons Level 1, Corruptor  
  167  10:29  Corruptor x4  
  177  10:41  Zergling x12  
  183  10:46  Extractor x2, Drone x3  
  183  10:49  Drone x2  
  187  10:50  Drone  
  187  10:52  Spine Crawler x2  
  187  10:54  Spore Crawler  
  162  11:05  Brood Lord x5  
  162  11:07  Roach x12  
  200  11:11  Roach x5  
  183  11:45  Roach x10  
  199  11:49  Hatchery  
  199  11:52  Drone  
  199  11:53  Drone x8  
  196  11:56  Ravager x2  
  196  11:58  Ravager  
  196  11:59  Ravager  
  196  12:06  Zerg Missile Weapons Level 3  
  196  12:08  Hatchery  
  195  12:10  Unknown  
  195  12:12  Overlord  
  167  12:23  Roach x14  
  193  12:37  Hatchery  
  193  12:40  Infestor x5  
  178  12:57  Zerg Flyer Weapons Level 2  
  178  13:01  Roach x10  
  198  13:05  Neural Parasite  
  198  13:06  Burrow  
  191  13:22  Roach x8  
  190  13:33  Roach x9  
  193  13:42  Ravager x3  
  193  13:43  Ravager  
  193  13:47  Tunneling Claws  
  197  13:52  Spine Crawler  
  197  13:53  Spine Crawler  
  197  13:54  Spine Crawler x2  
  193  13:55  Spine Crawler  
  193  14:01  Ravager  
  193  14:02  Ravager  
  191  14:08  Corruptor  
  191  14:09  Corruptor x3  
  193  14:27  Zergling x14  
  193  14:28  Hatchery  
  185  14:49  Zergling x34, Infestor x2  
  192  15:06  Roach x11  
  191  15:14  Ravager x2  
  191  15:15  Ravager x3  
  191  15:17  Ravager x2  

Tags
 
Add a new tag
Caveats
  • Supply blocks, unpowered buildings, or Contaminate may cause inaccurate times.
  • Supply counts are checked every 10 seconds.